Map: Darkness Sanctuary LE

Players

Serral - Winner!

  • Race: Zerg Zerg
  • Spawn Location: 11:00

MaNa

  • Race: Protoss Protoss
  • Spawn Location: 1:00

Event: WCS Austin 2018

VOD

Have the link to the VOD?

Description

Time

  • Played on: June 3, 2018, 7:58 p.m.
  • Length: 12:33

All games in this series

Show
View Real Time Build Order
Export as new Build Order

Serral Zerg - Winner!

Build Orders: Hatch First, Lurkers, Roach Hydra 

Get SALT Encoding   

  12  0:00  Drone  
  13  0:12  Overlord  
  13  0:17  Drone  
  14  0:31  Drone x2  
  16  0:48  Hatchery  
  15  0:52  Drone  
  15  0:55  Drone  
  17  1:10  Spawning Pool  
  16  1:12  Extractor  
  16  1:14  Drone  
  16  1:18  Drone  
  17  1:21  Drone  
  18  1:28  Drone  
  19  1:38  Drone  
  20  1:49  Overlord  
  20  1:57  Queen  
  20  2:00  Queen, Zergling x2  
  25  2:02  Zergling x2  
  26  2:11  Drone x2  
  26  2:13  Metabolic Boost  
  28  2:22  Drone x2  
  30  2:33  Drone x2  
  32  2:44  Hatchery  
  32  2:48  Overlord  
  31  2:53  Queen  
  31  2:55  Drone  
  31  2:57  Drone  
  35  3:01  Drone  
  36  3:07  Overlord  
  36  3:08  Drone x2  
  36  3:10  Drone  
  36  3:12  Drone  
  40  3:16  Drone x2  
  42  3:23  Spore Crawler  
  40  3:27  Spore Crawler  
  40  3:30  Drone x4  
  44  3:36  Drone x2  
  44  3:39  Overlord  
  44  3:40  Drone  
  47  3:42  Drone  
  47  3:43  Drone  
  49  3:48  Spore Crawler  
  49  3:52  Overlord  
  48  3:56  Queen  
  48  3:59  Spore Crawler  
  48  4:01  Queen  
  51  4:05  Drone x3  
  51  4:08  Drone  
  51  4:09  Drone  
  56  4:12  Drone  
  56  4:13  Drone  
  56  4:15  Drone x2  
  60  4:21  Extractor x2  
  60  4:22  Roach Warren  
  60  4:23  Drone  
  58  4:24  Drone  
  58  4:29  Overlord  
  58  4:30  Drone x2  
  61  4:32  Drone  
  61  4:33  Drone  
  61  4:36  Lair  
  63  4:41  Spore Crawler, Drone x2  
  63  4:44  Drone  
  66  4:49  Overlord x2  
  66  4:50  Drone  
  66  4:51  Drone  
  68  4:57  Overlord  
  68  5:01  Evolution Chamber, Drone x2, Extractor  
  68  5:05  Overlord  
  68  5:06  Drone  
  69  5:07  Spore Crawler, Roach  
  69  5:08  Roach  
  69  5:09  Roach  
  74  5:16  Overlord  
  74  5:17  Roach  
  74  5:18  Roach x2  
  79  5:24  Roach x4  
  87  5:29  Zerg Missile Weapons Level 1  
  87  5:30  Overlord  
  87  5:36  Roach x3  
  87  5:40  Glial Reconstitution  
  87  5:41  Overseer  
  93  5:45  Roach  
  93  5:46  Roach x2  
  99  5:52  Drone x2  
  99  5:53  Drone x2, Extractor  
  99  5:54  Roach x3  
  108  5:59  Roach  
  108  6:04  Spore Crawler x2  
  107  6:05  Spore Crawler  
  101  6:13  Zergling x2  
  101  6:14  Zergling x12  
  106  6:20  Queen x2  
  106  6:23  Spore Crawler  
  106  6:24  Spore Crawler  
  108  6:26  Spore Crawler  
  108  6:29  Zergling x10  
  108  6:37  Zergling x12  
  112  6:43  Zergling x6  
  108  6:50  Zergling x16  
  111  6:57  Hydralisk Den  
  111  6:59  Drone x2  
  102  7:03  Drone x3  
  102  7:05  Drone  
  102  7:06  Drone  
  101  7:11  Drone  
  101  7:13  Drone  
  99  7:20  Drone x2  
  99  7:21  Drone x6  
  103  7:29  Muscular Augments  
  103  7:30  Drone  
  103  7:36  Overlord  
  104  7:37  Drone x4, Extractor  
  104  7:41  Hatchery, Zerg Missile Weapons Level 2  
  104  7:44  Overlord  
  106  7:49  Drone  
  105  7:52  Hydralisk x4  
  113  8:00  Overlord  
  113  8:01  Overlord  
  113  8:04  Hydralisk x3, Lurker Den  
  110  8:14  Hydralisk x4  
  107  8:21  Hydralisk x4  
  115  8:32  Hydralisk x4  
  115  8:33  Hydralisk  
  125  8:40  Grooved Spines  
  117  8:52  Hydralisk x4  
  117  8:53  Zergling x18  
  128  8:58  Extractor  
  128  8:59  Extractor  
  126  9:04  Drone x3  
  126  9:06  Drone x4  
  133  9:11  Overlord  
  133  9:14  Hydralisk x4  
  141  9:20  Zergling x2  
  141  9:21  Evolution Chamber x2  
  140  9:30  Lurker x9  
  149  9:31  Lurker  
  149  9:36  Hydralisk x2  
  156  9:44  Overlord x2, Spine Crawler  
  156  9:45  Overlord  
  155  9:46  Drone x3, Spine Crawler  
  155  9:51  Hydralisk  
  159  10:02  Overlord x2  
  159  10:04  Hydralisk x5  
  169  10:10  Hydralisk x4  
  177  10:18  Infestation Pit, Zerg Ground Armor Level 1  
  176  10:26  Hydralisk x5  
  186  10:34  Hydralisk x2  
  186  10:35  Hydralisk, Zergling x6  
  194  10:45  Hydralisk x4  
  141  10:57  Hydralisk  
  141  10:58  Hydralisk x6, Zergling x2  
  139  11:06  Hydralisk x4  
  142  11:13  Hydralisk x3  
  139  11:20  Hydralisk x4  
  140  11:28  Hydralisk  
  140  11:29  Hydralisk x3  
  142  11:33  Zergling x6  
  142  11:39  Zergling x12  
  151  11:40  Lurker  
  151  11:41  Lurker  
  151  11:43  Hydralisk  
  155  11:58  Hydralisk x3  
  155  11:59  Hydralisk  
  163  12:08  Zergling x4  
  163  12:09  Zergling x6  
  163  12:14  Zergling x12  
  174  12:18  Hatchery  
Show
View Real Time Build Order
Export as new Build Order

MaNa Protoss 

Build Orders: 1 Gate Expand, Oracle Opening, Phoenix Opening, Mass Phoenix 

Get SALT Encoding   

  12  0:00  Probe  
  13  0:12  Probe  
  14  0:18  Pylon  
  14  0:24  Probe  
  15  0:33  Probe  
  15  0:38  Assimilator  
  15  0:41  Probe  
  17  0:50  Gateway  
  17  0:51  Probe  
  18  0:59  Probe  
  19  1:07  Probe  
  20  1:28  Nexus  
  20  1:37  Cybernetics Core  
  20  1:41  Probe  
  21  1:47  Assimilator  
  21  1:53  Probe  
  22  1:58  Pylon  
  22  2:05  Probe  
  23  2:13  Probe  
  23  2:16  Adept, Warp Gate  
  26  2:23  Probe  
  26  2:24  Stargate  
  27  2:34  Probe  
  27  2:36  Probe  
  28  2:43  Adept  
  30  2:44  Probe  
  30  2:47  Probe  
  32  2:54  Probe  
  33  2:59  Probe  
  33  3:00  Phoenix  
  34  3:06  Probe  
  34  3:07  Pylon  
  34  3:11  Probe  
  38  3:18  Probe  
  39  3:23  Probe  
  40  3:30  Probe  
  40  3:31  Assimilator  
  40  3:34  Assimilator  
  39  3:35  Oracle, Probe  
  43  3:41  Gateway  
  43  3:42  Probe  
  43  3:47  Probe  
  45  3:51  Stargate  
  45  3:52  Probe  
  46  3:59  Probe  
  46  4:00  Probe  
  46  4:01  Pylon  
  47  4:09  Probe  
  48  4:11  Phoenix  
  48  4:12  Probe  
  52  4:21  Probe  
  52  4:24  Probe  
  54  4:25  Pylon  
  54  4:28  Phoenix  
  54  4:30  Zealot  
  56  4:32  Phoenix  
  56  4:33  Probe  
  56  4:38  Pylon  
  61  4:39  Probe  
  61  4:45  Probe  
  63  4:47  Zealot  
  63  4:51  Probe  
  63  4:52  Phoenix  
  68  5:02  Zealot  
  68  5:05  Phoenix  
  68  5:07  Probe x2  
  72  5:10  Phoenix  
  76  5:22  Pylon  
  76  5:23  Pylon  
  76  5:34  Phoenix  
  77  5:38  Twilight Council  
  77  5:41  Phoenix, Forge  
  79  5:45  Probe x2  
  81  5:50  Nexus  
  81  5:53  Pylon  
  81  5:55  Pylon  
  81  6:06  Phoenix x2  
  85  6:13  Zealot  
  85  6:16  Shield Battery  
  87  6:18  Charge, Protoss Ground Weapons Level 1  
  87  6:19  Probe x2  
  89  6:31  Probe  
  90  6:35  Zealot x2  
  90  6:39  Oracle x2, Probe  
  97  6:44  Shield Battery  
  87  6:54  Probe  
  87  7:00  Zealot x2  
  87  7:01  Probe  
  92  7:09  Forge  
  92  7:10  Gateway  
  92  7:13  Gateway  
  92  7:14  Pylon  
  90  7:17  Probe  
  90  7:21  Zealot  
  90  7:22  Zealot  
  93  7:23  Gateway  
  93  7:24  Gateway  
  93  7:25  Robotics Facility  
  93  7:35  Pylon  
  93  7:37  Pylon  
  93  7:39  Protoss Ground Armor Level 1  
  93  7:40  Nexus  
  93  7:42  Pylon  
  93  7:53  Zealot  
  95  8:01  Gateway  
  95  8:04  Probe  
  96  8:07  Probe, Protoss Ground Weapons Level 2  
  96  8:11  Zealot  
  99  8:13  Warp Prism  
  99  8:14  Templar Archives  
  99  8:16  Probe  
  102  8:20  Nexus  
  102  8:21  Zealot  
  102  8:22  Zealot x2  
  108  8:38  Zealot x3  
  112  8:53  Zealot x3  
  116  9:02  Pylon  
  116  9:09  Shield Battery  
  116  9:10  Psionic Storm  
  116  9:13  Pylon  
  116  9:14  Pylon  
  116  9:15  Pylon  
  116  9:22  High Templar x3  
  116  9:23  High Templar  
  116  9:24  High Templar  
  126  9:27  Assimilator  
  126  9:33  Assimilator  
  126  9:41  Probe x2  
  126  9:44  Robotics Facility  
  128  9:47  Robotics Facility  
  128  9:54  Immortal  
  132  10:01  High Templar x4  
  132  10:04  Protoss Ground Armor Level 2  
  132  10:05  Archon  
  140  10:10  Zealot x2, Sentry  
  140  10:13  Archon  
  146  10:18  Pylon  
  146  10:19  Pylon  
  144  10:31  Zealot  
  144  10:32  Zealot  
  144  10:33  Zealot x4  
  144  10:34  Observer  
  141  10:47  Probe x3  
  120  10:54  Zealot x6  
  111  11:14  Zealot x4  
  111  11:15  Zealot  
  91  11:21  Zealot x4  
  91  11:22  Zealot  
  66  11:33  Probe x2  
  66  11:35  Probe  
  69  11:42  High Templar x2  
  69  11:43  High Templar x3  
  69  11:44  High Templar  
  69  11:45  Probe x2  
  83  11:47  Probe  
  83  11:48  Archon x2  
  83  11:49  Archon  
  84  11:57  Probe x2  
  84  11:59  Observer, Probe  
  86  12:09  Probe  
  86  12:15  Zealot x4  
  94  12:18  Zealot  
Tags
 
Add a new tag
Caveats
  • Supply blocks, unpowered buildings, or Contaminate may cause inaccurate times.
  • Supply counts are checked every 10 seconds.